Map: Frozen Temple

Players

FLORENCIO - Winner!

  • Race: Protoss Protoss
  • League: Master

EMS

  • Race: Zerg Zerg
  • League: Diamond

VOD

Have the link to the VOD?

Description

Time

  • Played on: June 6, 2016, 10:12 p.m.
  • Length: 10:28
Show
View Real Time Build Order
Export as new Build Order

FLORENCIO Protoss - Winner!

Build Orders: 1 Gate Expand 

Get SALT Encoding   

  12  0:01  Probe (Chrono Boost)  
  13  0:11  Probe (Chrono Boost)  
  14  0:24  Probe (Chrono Boost)  
  14  0:26  Pylon  
  15  0:45  Probe (Chrono Boost)  
  15  0:48  Gateway  
  16  0:55  Probe (Chrono Boost)  
  16  0:56  Assimilator  
  17  1:00  Assimilator  
  17  1:06  Probe (Chrono Boost)  
  18  1:16  Probe (Chrono Boost)  
  19  1:27  Probe (Chrono Boost)  
  20  1:37  Probe (Chrono Boost)  
  21  1:40  Nexus  
  21  1:48  Probe (Chrono Boost)  
  22  1:56  Cybernetics Core  
  22  2:04  Pylon  
  22  2:09  Probe (Chrono Boost)  
  23  2:25  Probe (Chrono Boost)  
  24  2:33  Stalker (Chrono Boost)  
  26  2:37  Mothership Core  
  26  2:43  Assimilator  
  28  2:51  Probe  
  29  2:58  Probe  
  29  3:01  Probe  
  31  3:07  Forge  
  31  3:09  Pylon  
  31  3:10  Probe  
  31  3:12  Probe  
  33  3:22  Probe x2  
  35  3:28  Assimilator  
  35  3:33  Probe  
  35  3:34  Probe  
  35  3:40  Pylon  
  37  3:41  Photon Cannon  
  37  3:46  Photon Cannon  
  37  3:47  Probe  
  38  3:49  Probe  
  39  3:57  Pylon  
  39  3:59  Probe  
  39  4:00  Probe  
  41  4:08  Photon Cannon  
  41  4:17  Stargate  
  41  4:20  Stargate  
  41  4:27  Stargate  
  41  4:31  Probe  
  41  4:33  Probe  
  43  4:42  Probe  
  43  4:45  Probe  
  45  4:50  Pylon  
  45  4:52  Probe  
  45  4:57  Probe  
  47  5:01  Robotics Facility  
  47  5:03  Robotics Facility  
  47  5:16  Oracle x3  
  56  5:29  Photon Cannon  
  56  5:37  Photon Cannon  
  56  5:40  Probe  
  56  5:42  Pylon  
  57  5:46  Pylon  
  57  5:52  Oracle x3  
  66  5:59  Pylon  
  66  6:03  Nexus  
  66  6:13  Pylon  
  66  6:27  Photon Cannon, Oracle x2  
  66  6:28  Oracle  
  75  6:39  Photon Cannon  
  75  7:03  Oracle x2  
  75  7:04  Oracle  
  84  7:26  Pylon  
  84  7:29  Pylon  
  84  7:31  Pylon  
  84  7:36  Probe  
  84  7:38  Probe  
  84  7:39  Oracle x2  
  84  7:40  Oracle  
  95  7:46  Assimilator  
  95  7:47  Probe  
  95  7:48  Assimilator  
  95  7:50  Probe  
  97  7:57  Robotics Facility  
  97  8:01  Robotics Facility  
  97  8:02  Probe  
  97  8:03  Robotics Facility  
  98  8:07  Photon Cannon  
  98  8:08  Pylon  
  98  8:19  Photon Cannon x2  
  98  8:27  Void Ray x2  
  98  8:30  Probe  
  98  8:31  Probe  
  102  8:56  Immortal x2  
  114  9:03  Immortal  
  114  9:13  Void Ray  
  118  9:35  Immortal  
  119  9:46  Immortal  
  119  9:47  Immortal  
Show
View Real Time Build Order
Export as new Build Order

EMS Zerg 

Build Orders: Hatch First 

Get SALT Encoding   

  12  0:00  Drone  
  13  0:13  Overlord  
  13  0:17  Drone  
  14  0:32  Drone x2  
  17  0:35  Drone  
  17  0:54  Hatchery  
  16  0:59  Drone  
  16  1:00  Drone  
  18  1:04  Extractor  
  17  1:16  Spawning Pool  
  16  1:20  Drone  
  16  1:23  Drone  
  18  1:30  Drone  
  19  1:43  Overlord  
  19  2:03  Zergling x4, Queen  
  19  2:06  Queen  
  19  2:07  Metabolic Boost  
  25  2:14  Drone  
  26  2:16  Drone  
  27  2:29  Drone x3  
  30  2:49  Hatchery  
  29  2:52  Drone x2  
  29  2:53  Drone x2  
  33  3:03  Drone x2  
  35  3:19  Overlord x2  
  35  3:26  Drone  
  36  3:29  Overlord  
  36  3:31  Roach Warren  
  35  3:40  Lair  
  35  3:47  Extractor  
  34  3:48  Extractor  
  34  3:50  Drone x6  
  39  4:04  Queen  
  41  4:15  Spore Crawler  
  40  4:18  Spore Crawler  
  39  4:27  Drone x2  
  41  4:33  Roach x4  
  41  4:37  Drone  
  41  4:38  Drone x8  
  58  4:40  Overseer  
  58  4:55  Drone, Evolution Chamber  
  58  4:57  Overlord x3, Evolution Chamber  
  57  5:24  Hydralisk Den  
  57  5:25  Extractor  
  55  5:28  Drone x2  
  55  5:29  Drone x2  
  55  5:30  Overlord x2  
  59  5:37  Drone x3  
  59  5:39  Zerg Missile Weapons Level 1, Zerg Ground Armor Level 1  
  62  5:43  Spire  
  62  5:46  Overlord x3  
  62  5:47  Drone x2  
  63  5:50  Ravager x2  
  65  6:18  Extractor  
  64  6:19  Drone x6, Extractor  
  64  6:20  Drone x3  
  64  6:21  Overlord x2  
  64  6:23  Hydralisk x2  
  76  6:31  Overlord  
  76  6:32  Overlord  
  76  6:33  Overseer x2  
  76  6:43  Spore Crawler  
  76  6:44  Hydralisk  
  76  6:45  Hydralisk x2  
  81  6:48  Spore Crawler  
  60  6:58  Hydralisk  
  60  6:59  Hydralisk  
  62  7:04  Hydralisk  
  62  7:05  Hydralisk  
  66  7:21  Spore Crawler  
  65  7:23  Queen  
  65  7:24  Hydralisk Den  
  65  7:28  Drone x4  
  70  7:52  Spore Crawler  
  70  7:53  Drone x3  
  70  7:54  Queen  
  70  7:58  Muscular Augments  
  74  8:05  Drone x4  
  78  8:26  Drone x2  
  80  8:31  Drone  
  80  8:32  Drone  
  77  8:47  Overlord x5  
  64  8:49  Hydralisk  
  66  9:10  Hatchery  
  66  9:13  Drone x3  
  66  9:14  Drone x2  
  66  9:15  Drone x3  
  73  9:27  Drone  
Tags
 
Add a new tag
Caveats
  • Supply blocks, unpowered buildings, or Contaminate may cause inaccurate times.
  • Supply counts are checked every 10 seconds.